[Event "Team 45 45 League T39"]
[Site "Internet Chess Club"]
[Date "2008.11.06"]
[Round "3"]
[White "BigH"]
[Black "Camalleo"]
[Result "0-1"]
[WhiteElo "1749"]
[BlackElo "1832"]
[Opening "QGD: Tarrasch, Prague variation, 9.Bg5"]
[ECO "D34"]
[Time "11:00:53"]
[TimeControl "2700+45"]

1. Nf3 Nf6 2. c4 e6 3. Nc3 c5 4. g3 Nc6 5. Bg2 d5 6. cxd5 exd5 7. d4 Be7 8. O-O
O-O 9. Bg5 c4 10. Ne5 Be6 11. Nxc6 bxc6 12. Qc2 Rb8 13. Rfd1 Re8 14. e3 g6 15.
Rd2 Bf5 16. Qd1 Rb4 17. b3 Kg7 18. bxc4 Rxc4 19. Ne2 Qa5 20. Rc1 h6 21. Rxc4
dxc4 22. Bxf6+ Bxf6 23. Qc1 c5 24. dxc5 c3 25. Rd6 Rb8 26. Rxf6 Rb1 27. Qxb1
Bxb1 28. Rc6 c2 29. Kf1 Bxa2 30. Be4 Bc4 31. Bxc2 Qa1+ 32. Kg2 Bxe2 {White
resigns} 0-1

[Event "Team 45 45 League T39"]
[Site "Internet Chess Club"]
[Date "2008.11.10"]
[Round "3"]
[White "lafuga3"]
[Black "pelayo"]
[Result "1-0"]
[WhiteElo "1675"]
[BlackElo "1679"]
[Opening "Scotch: Blumenfeld attack"]
[ECO "C45"]
[Time "14:02:26"]
[TimeControl "2700+45"]

1. e4 e5 2. Nf3 Nc6 3. d4 exd4 4. Nxd4 Bc5 5. Be3 Qf6 6. Nb5 Bxe3 7. fxe3 Qxb2
8. N1c3 Qb4 9. Nxc7+ Kd8 10. Qd2 Rb8 11. Rb1 Qa5 12. N7b5 Nf6 13. Nd6 Ke7 14.
Rb5 Qa3 15. e5 Ng4 16. Nc4 Qa6 17. Be2 h5 18. O-O Kf8 19. Qd5 Nh6 20. Nd6 Nd8
21. Rc5 Qa3 22. Nxc8 Ne6 23. Qd6+ Kg8 24. Ne7+ Kh7 25. Qd3+ g6 26. Rxf7+ Nxf7
27. Qxg6# {Black checkmated} 1-0

[Event "Team 45 45 League T39"]
[Site "Internet Chess Club"]
[Date "2008.11.06"]
[Round "3"]
[White "quotha"]
[Black "jordifp"]
[Result "1/2-1/2"]
[WhiteElo "1662"]
[BlackElo "1666"]
[Opening "Mieses opening"]
[ECO "A00"]
[Time "15:00:14"]
[TimeControl "2700+45"]

1. d3 d5 2. f4 Nc6 3. Nf3 Nf6 4. e3 Bg4 5. Be2 g6 6. O-O Qd6 7. a3 Bg7 8. Nc3 a6
9. h3 Bf5 10. Rb1 e5 11. fxe5 Nxe5 12. Bd2 O-O 13. Nd4 Bd7 14. b4 Nc6 15. Nb3 d4
16. exd4 Nxd4 17. Nc5 Bc6 18. N3e4 Nxe4 19. Nxe4 Qe5 20. Bf4 Qe7 21. Ng3 Rfe8
22. Rf2 Nb5 23. Rb3 Bd4 24. Qf1 Nc3 25. Bf3 Bxf3 26. gxf3 Bxf2+ 27. Qxf2 Nd5 28.
Bd2 Rad8 29. c4 Ne3 30. Ne4 Nf5 31. Bg5 Qe5 32. f4 Qa1+ 33. Kg2 h6 34. Bf6 Qd1
35. Bxd8 Qxb3 36. Nf6+ Kf8 37. Qc5+ Re7 38. Bxe7+ Nxe7 39. Qd4 Qc2+ 40. Kf1 Qd1+
41. Kf2 Qd2+ 42. Kf3 Qd1+ 43. Kf2 Qd2+ 44. Kf3 Qd1+ {Game drawn by mutual
agreement} 1/2-1/2

[Event "Team 45 45 League T39"]
[Site "Internet Chess Club"]
[Date "2008.11.09"]
[Round "3"]
[White "ErCaos"]
[Black "Fidius"]
[Result "0-1"]
[WhiteElo "1812"]
[BlackElo "1987"]
[Opening "QGD semi-Slav"]
[ECO "D43"]
[Time "15:03:57"]
[TimeControl "2700+45"]

1. d4 d5 2. c4 c6 3. Nf3 Nf6 4. Nc3 e6 5. Bg5 Be7 6. e3 Nbd7 7. Bd3 O-O 8. O-O
dxc4 9. Bxc4 h6 10. Bh4 Nd5 11. Bg3 N7f6 12. e4 Nxc3 13. bxc3 Nxe4 14. Qc2 Nxg3
15. fxg3 c5 16. Qe4 cxd4 17. cxd4 Rb8 18. Rf2 b5 19. Bb3 Bb7 20. Qd3 Qb6 21. Bc2
f5 22. g4 Bxf3 23. Rxf3 Rbd8 24. Bb3 Rxd4 25. Qe3 Rd1+ 26. Rxd1 Bc5 27. Bxe6+
Kh8 28. Rd3 f4 29. Kh1 fxe3 {White resigns} 0-1

[Event "Team 45 45 League T39"]
[Site "Internet Chess Club"]
[Date "2008.11.09"]
[Round "3"]
[White "hewdondada"]
[Black "andrew28"]
[Result "1-0"]
[WhiteElo "1874"]
[BlackElo "1746"]
[Opening "Trompowsky attack (Ruth, Opocenský opening)"]
[ECO "A45"]
[Time "18:05:28"]
[TimeControl "2700+45"]

1. d4 Nf6 2. Bg5 Ne4 3. Bf4 c5 4. f3 Nf6 5. d5 d6 6. e4 g6 7. Nd2 Bg7 8. Bd3 O-O
9. Ne2 Nh5 10. Be3 Bxb2 11. Rb1 Bg7 12. Nc4 Nd7 13. O-O a6 14. a4 Rb8 15. a5 b5
16. axb6 Nxb6 17. Qc1 Qc7 18. Bh6 Nxc4 19. Rxb8 Qxb8 20. Bxg7 Kxg7 21. Bxc4 Qb4
22. Qa1+ Kg8 23. Bxa6 Qd2 24. Bd3 Qe3+ 25. Kh1 Nf6 26. Qa7 Nd7 27. f4 Nf6 28.
Qxe7 Ng4 29. Qh4 c4 30. Bxc4 Qxe4 31. Bd3 Qxd5 32. f5 Ne3 33. Rf2 Nxf5 34. Bxf5
Bxf5 35. Nd4 Qa5 36. h3 Qe1+ 37. Kh2 Qe5+ 38. g3 Qe3 39. Re2 Qc1 40. Qf6 Bc8 41.
Nc6 h5 42. Ne7+ Kh7 43. Nxg6 Qh6 44. Nxf8+ Qxf8 45. Re7 Kg8 46. Qg5+ Kh8 47.
Qxh5+ Kg8 48. Qg5+ Kh7 49. Re4 {Black resigns} 1-0

[Event "Team 45 45 League T39"]
[Site "Internet Chess Club"]
[Date "2008.11.11"]
[Round "3"]
[White "jjmolina"]
[Black "mugurelt"]
[Result "1/2-1/2"]
[WhiteElo "1755"]
[BlackElo "1715"]
[Opening "Nimzo-Indian: Sämisch variation"]
[ECO "E29"]
[Time "15:11:36"]
[TimeControl "2700+45"]

1. d4 Nf6 2. c4 e6 3. Nc3 Bb4 4. e3 c5 5. a3 Bxc3+ 6. bxc3 O-O 7. Bd3 b6 8. Ne2
Bb7 9. O-O d6 10. Qc2 e5 11. d5 Nbd7 12. e4 h6 13. Ng3 Bc8 14. Qd2 Nh7 15. f3
Re8 16. Qf2 Ndf6 17. Bd2 Qe7 18. Ra2 h5 19. Ne2 g5 20. Be1 Kh8 21. Kh1 Rg8 22.
Rg1 Bd7 23. Bc2 Rg6 24. Ra1 Rag8 25. Qe3 Bc8 26. a4 Bd7 27. Bf2 h4 28. Bd3 Nh5
29. h3 Nf4 30. a5 Bxh3 31. gxh3 Qd7 32. Rg4 Nf6 33. axb6 axb6 34. Nxf4 gxf4 35.
Rxh4+ Kg7 36. Qe1 Kf8 37. Bf1 Qe7 38. Ra8+ Kg7 39. Rxg8+ Kxg8 40. Qa1 Qd8 41.
Kh2 Kg7 42. Qa7 Qe8 43. Qa6 Rg5 44. Bg2 Qd8 45. Qa7 Rg6 46. Qb7 Rg5 47. Bf1 Qe8
48. Qa7 Rg6 49. Be2 Qg8 50. Qxb6 Qa8 51. Qxd6 Qa2 52. Qd8 Ng8 53. Rg4 Nf6 54.
Rxg6+ Kxg6 55. Qb6 Qxe2 56. Qxc5 Qxf3 57. Qb6 {Game drawn by mutual agreement}
1/2-1/2

[Event "Team 45 45 League T39"]
[Site "Internet Chess Club"]
[Date "2008.11.09"]
[Round "3"]
[White "RD1974"]
[Black "Cotesita"]
[Result "1-0"]
[WhiteElo "1629"]
[BlackElo "1641"]
[Opening "Sicilian: closed"]
[ECO "B24"]
[Time "19:00:06"]
[TimeControl "2700+45"]

1. e4 c5 2. Nc3 Nc6 3. g3 e6 4. Bg2 Nf6 5. d3 Be7 6. f4 d6 7. Nf3 O-O 8. O-O Bd7
9. Be3 Ng4 10. Bd2 Qb6 11. Na4 Qa6 12. Nc3 b5 13. h3 Nf6 14. g4 Rac8 15. Ne2 c4
16. Ng3 b4 17. g5 Ne8 18. h4 cxd3 19. c3 f5 20. exf5 exf5 21. Qb3+ Kh8 22. cxb4
Qb6+ 23. Kh2 Nd8 24. Rfe1 Rf7 25. Qxd3 Qb5 26. Qb3 Qc4 27. Qxc4 Rxc4 28. a3 Rc2
29. Bc3 Bc6 30. Kh3 Nc7 31. Re2 Rxe2 32. Nxe2 Nd5 33. Nfd4 Nxc3 34. bxc3 Be4 35.
c4 Bf8 36. Nc3 Bxg2+ 37. Kxg2 g6 38. Re1 Re7 39. Rxe7 Bxe7 40. Nd5 Bf8 41. a4
Bg7 42. Nb5 Nc6 43. Nxd6 Bf8 44. b5 Nd4 45. Nb7 Nb3 46. a5 Kg7 47. b6 a6 48. Nc7
{Black resigns} 1-0

[Event "Team 45 45 League T39"]
[Site "Internet Chess Club"]
[Date "2008.11.06"]
[Round "3"]
[White "IceBox"]
[Black "Fosca"]
[Result "1/2-1/2"]
[WhiteElo "1709"]
[BlackElo "1875"]
[Opening "Dutch defense"]
[ECO "A90"]
[Time "17:00:57"]
[TimeControl "2700+45"]

1. d4 e6 2. c4 f5 3. g3 Nf6 4. Bg2 c6 5. Nf3 d5 6. b3 Nbd7 7. O-O Bd6 8. Ba3
Bxa3 9. Nxa3 O-O 10. Nc2 a6 11. Nb4 Qe7 12. Nd3 h6 13. Nde5 Nxe5 14. Nxe5 Qe8
15. e3 Nd7 16. Nd3 Kh7 17. Qc2 Nf6 18. Ne5 Bd7 19. c5 Rd8 20. b4 Bc8 21. a4 Nd7
22. Nxd7 Bxd7 23. f4 g5 24. Rae1 Qg6 25. Bf3 h5 26. Be2 Kg7 27. Bd3 Rh8 28. Qe2
Rh6 29. b5 axb5 30. axb5 g4 31. Rf2 Ra8 32. b6 h4 33. Qb2 hxg3 34. hxg3 Rh3 35.
Rg2 Qh5 36. Kf2 Rh2 37. Rg1 Rxg2+ 38. Rxg2 Qe8 39. Rg1 Ra5 40. Ra1 Qa8 41. Rxa5
Qxa5 42. Qe2 Qa1 43. Kg2 Bc8 44. Qf1 Qc3 45. Qe2 Qc1 46. Kh2 Kf7 47. Kg2 Ke7 48.
Kh2 Qa3 49. Kg2 Bd7 50. Qf1 Kf6 51. Qe2 Qa8 52. Kf1 Qh8 53. Qg2 Qh6 54. Kg1 Qh8
55. Qh2 Qa8 56. Qh4+ Kg6 57. Qg5+ Kf7 58. Qh5+ Kg7 59. Qg5+ {Game drawn by
mutual agreement} 1/2-1/2

[Event "Team 45 45 League T39"]
[Site "Internet Chess Club"]
[Date "2008.11.09"]
[Round "3"]
[White "LeChatelier"]
[Black "Dbronstein06"]
[Result "1-0"]
[WhiteElo "1781"]
[BlackElo "1639"]
[Opening "Pirc: Austrian attack, 6.Bd3"]
[ECO "B09"]
[Time "16:12:57"]
[TimeControl "2700+45"]

1. e4 d6 2. d4 Nf6 3. Nc3 g6 4. f4 Bg7 5. Nf3 O-O 6. Bd3 Na6 7. O-O c5 8. d5 Bg4
9. Bc4 Nc7 10. h3 Bd7 11. a4 b6 12. e5 Nfe8 13. Qe2 a6 14. Bd2 e6 15. Ng5 exd5
16. Nxd5 dxe5 17. fxe5 b5 18. axb5 axb5 19. Rxa8 Qxa8 20. Ne7+ Kh8 21. Nxf7+
Rxf7 22. Bxf7 {Black resigns} 1-0

[Event "Team 45 45 League T39"]
[Site "Internet Chess Club"]
[Date "2008.11.09"]
[Round "3"]
[White "Juan73"]
[Black "attalone"]
[Result "1-0"]
[WhiteElo "1679"]
[BlackElo "1713"]
[Opening "Sicilian: closed"]
[ECO "B23"]
[Time "13:04:25"]
[TimeControl "2700+45"]

1. e4 c5 2. Nc3 g6 3. Bc4 Bg7 4. Nf3 Nc6 5. d3 d6 6. Be3 Bg4 7. Bxf7+ Kf8 8. Bd5
Nf6 9. Bc4 Ne5 10. Bb3 Nxf3+ 11. gxf3 Bh5 12. d4 Qa5 13. Qe2 Nxe4 14. Qc4 d5 15.
Qxd5 Nd6 16. dxc5 Bxc3+ 17. bxc3 Qxc3+ 18. Ke2 {Black resigns} 1-0

[Event "Team 45 45 League T39"]
[Site "Internet Chess Club"]
[Date "2008.11.11"]
[Round "3"]
[White "werty"]
[Black "arriero55"]
[Result "0-1"]
[WhiteElo "1528"]
[BlackElo "1465"]
[Opening "Queen's pawn game"]
[ECO "D05"]
[Time "14:37:42"]
[TimeControl "2700+45"]

1. d4 Nf6 2. Nf3 e6 3. e3 d5 4. Bd3 Bb4+ 5. c3 Bd6 6. Nbd2 Nbd7 7. e4 dxe4 8.
Nxe4 Nxe4 9. Bxe4 c6 10. O-O O-O 11. Ng5 Nf6 12. Qc2 Nxe4 13. Nxe4 Be7 14. Bf4
b6 15. Rad1 f5 16. Nd2 b5 17. Nf3 Bf6 18. Be5 Bb7 19. Bxf6 Rxf6 20. Ne5 Qe8 21.
b4 Qh5 22. Rd3 Qe8 23. Re3 Rc8 24. Rfe1 Rc7 25. a4 f4 26. R3e2 Qh5 27. a5 a6 28.
Qd1 Rh6 29. h3 g5 30. Ng4 Rg6 31. Rxe6 Bc8 32. Re8+ Kg7 33. R1e7+ Rxe7 34. Rxe7+
Kf8 35. Qe2 Rd6 36. Qe5 Qg6 37. Rc7 Bxg4 38. hxg4 Qb1+ 39. Kh2 Rh6# {White
checkmated} 0-1

[Event "Team 45 45 League T39"]
[Site "Internet Chess Club"]
[Date "2008.11.06"]
[Round "3"]
[White "GolfSuper"]
[Black "smsxman"]
[Result "1-0"]
[WhiteElo "1613"]
[BlackElo "1506"]
[Opening "Ruy Lopez: old Steinitz defense"]
[ECO "C62"]
[Time "19:00:27"]
[TimeControl "2700+45"]

1. e4 e5 2. Nf3 Nc6 3. Bb5 d6 4. O-O Bd7 5. c3 Nf6 6. Re1 Be7 7. d4 O-O 8. d5
Na5 9. Ba4 b5 10. Bc2 c6 11. b3 cxd5 12. exd5 Rc8 13. Be3 a6 14. Nxe5 dxe5 15.
d6 Bxd6 16. Qxd6 Rc6 17. Qxe5 Re6 18. Qd4 Nc6 19. Qd1 Rfe8 20. Nd2 Rd6 21. Qc1
Bc8 22. Nf3 Bg4 23. Nd4 Nxd4 24. Bxd4 Rde6 25. Rxe6 Rxe6 26. h3 Bh5 27. Qg5 Bg6
28. Bxg6 fxg6 29. Qc5 Qe8 30. Rd1 Re2 31. Bxf6 gxf6 32. Qb6 Qe6 33. Qxe6+ Rxe6
34. Kf1 Kf7 35. Rc1 Rd6 36. Rc2 f5 37. Ke1 Kf6 38. c4 b4 39. Rd2 Rc6 40. Rd5 Ke6
41. Ke2 Rd6 42. Rxd6+ Kxd6 43. Ke3 Kc5 44. Kf4 h6 45. g4 fxg4 46. Kxg4 Kd6 47.
h4 Ke5 48. f4+ Ke6 49. h5 Kf6 50. c5 gxh5+ 51. Kxh5 Ke6 52. Kxh6 Kd5 53. Kg6
Kxc5 54. f5 Kd6 55. f6 Kd7 56. Kg7 {Black resigns} 1-0

[Event "Team 45 45 League T39"]
[Site "Internet Chess Club"]
[Date "2008.11.07"]
[Round "3"]
[White "Trevorking"]
[Black "curtintime"]
[Result "0-1"]
[WhiteElo "1545"]
[BlackElo "1349"]
[Opening "Ruy Lopez: Möller defense"]
[ECO "C78"]
[Time "20:05:01"]
[TimeControl "2700+45"]

1. e4 e5 2. Nf3 Nc6 3. Bb5 a6 4. Ba4 Nf6 5. O-O Bc5 6. c3 b5 7. Bc2 O-O 8. d4
exd4 9. cxd4 Bb6 10. Bg5 h6 11. Bxf6 Qxf6 12. e5 Qf4 13. Qd3 g6 14. Rd1 Nb4 15.
Qe4 Qxe4 16. Bxe4 Ra7 17. a3 Nc6 18. Bxc6 dxc6 19. b4 Bg4 20. Rd3 Bxf3 21. gxf3
Rd8 22. Nd2 Rxd4 23. Rxd4 Bxd4 24. Rc1 Bxe5 25. Rxc6 Kg7 26. Rc5 Bb2 27. Nb1 f6
28. a4 bxa4 29. Ra5 a3 30. Nxa3 Bxa3 31. Rxa3 Kf7 32. Ra5 Ke6 33. b5 Kd6 34.
Rxa6+ Rxa6 35. bxa6 Kc6 36. Kf1 Kb6 37. Ke2 Kxa6 38. Kd3 Kb6 39. Kc4 c5 40. f4
Kc6 41. h4 g5 42. fxg5 fxg5 43. hxg5 hxg5 44. f3 Kd6 45. Kd3 Kd5 46. Kc3 c4 47.
Kd2 Kd4 48. Kc2 c3 49. Kd1 Kd3 50. Kc1 c2 51. f4 gxf4 52. Kb2 Kd2 {White
resigns} 0-1

[Event "Team 45 45 League T39"]
[Site "Internet Chess Club"]
[Date "2008.11.08"]
[Round "3"]
[White "BosqueVerde"]
[Black "Visin"]
[Result "0-1"]
[WhiteElo "1249"]
[BlackElo "1284"]
[Opening "QGD Slav defense"]
[ECO "D43"]
[Time "11:01:04"]
[TimeControl "2700+45"]

1. d4 d5 2. c4 c6 3. Nc3 Nf6 4. Bg5 e6 5. Nf3 Nbd7 6. Qc2 Be7 7. e3 h6 8. Bf4
O-O 9. cxd5 exd5 10. Bd3 c5 11. dxc5 Nxc5 12. Be2 Nce4 13. O-O Bd6 14. Bxd6 Qxd6
15. h3 a6 16. Rad1 Be6 17. a3 Qc6 18. Rc1 Rac8 19. Nd4 Qc7 20. Bf3 Nxc3 21. bxc3
Qe7 22. Nf5 Qxa3 23. Rfd1 Bxf5 24. Qxf5 Rxc3 25. Bxd5 Rxc1 26. Rxc1 Qxc1+ 27.
Kh2 Nxd5 28. Qxd5 Qc7+ 29. f4 Rd8 30. Qf3 b5 {White resigns} 0-1

[Event "Team 45 45 League T39"]
[Site "Internet Chess Club"]
[Date "2008.11.06"]
[Round "3"]
[White "Xerses"]
[Black "rookmaster23"]
[Result "0-1"]
[WhiteElo "1245"]
[BlackElo "1346"]
[Opening "Sicilian: Smith-Morra gambit"]
[ECO "B21"]
[Time "18:00:10"]
[TimeControl "2700+45"]

1. e4 c5 2. d4 cxd4 3. c3 Nf6 4. e5 Nd5 5. cxd4 d6 6. f4 dxe5 7. dxe5 Bf5 8. Qb3
Qc7 9. Bd2 e6 10. Nc3 Nb4 11. Rc1 N8c6 12. Nb5 Qb6 13. Nf3 Bc5 14. a3 Bf2+ 15.
Kd1 Nd5 16. Nd6+ Ke7 17. Qxb6 axb6 18. Nxb7 Rab8 19. Rxc6 Rxb7 20. Bc4 Rd8 21.
Ke2 Bc5 22. b4 b5 23. Bxd5 Rxd5 24. Rxc5 Rd3 25. Rhc1 Rbd7 26. Be3 Rxa3 27. Rxb5
Bd3+ {White resigns} 0-1

[Event "Team 45 45 League T39"]
[Site "Internet Chess Club"]
[Date "2008.11.09"]
[Round "3"]
[White "Invicta-Knight"]
[Black "Kravier"]
[Result "1-0"]
[WhiteElo "1463"]
[BlackElo "1522"]
[Opening "Sicilian: closed"]
[ECO "B23"]
[Time "08:06:21"]
[TimeControl "2700+45"]

1. e4 c5 2. Nc3 a6 3. f4 e6 4. Nf3 Nc6 5. a3 Nf6 6. Bc4 Be7 7. O-O O-O 8. d3 d6
9. h4 e5 10. f5 Nd4 11. Nxd4 cxd4 12. Ne2 d5 13. Ba2 dxe4 14. Bg5 e3 15. Ng3 b5
16. Nh5 Bb7 17. Nxf6+ Bxf6 18. Qg4 Kh8 19. Qh5 Bxg5 20. hxg5 f6 21. Bf7 e2 22.
Bg6 exf1=Q+ 23. Rxf1 {Black resigns} 1-0

[Event "Team 45 45 League T39"]
[Site "Internet Chess Club"]
[Date "2008.11.10"]
[Round "3"]
[White "kublai"]
[Black "houseofcook"]
[Result "1/2-1/2"]
[WhiteElo "1532"]
[BlackElo "1435"]
[Opening "QGD: exchange, positional line"]
[ECO "D35"]
[Time "13:00:10"]
[TimeControl "2700+45"]

1. d4 d5 2. c4 e6 3. Nc3 Nf6 4. cxd5 exd5 5. Bg5 Be7 6. e3 c6 7. Bd3 Nbd7 8. Nf3
O-O 9. O-O Re8 10. Qc2 Nf8 11. a3 h6 12. Bf4 Bd6 13. Bxd6 Qxd6 14. Bf5 Bxf5 15.
Qxf5 Ng6 16. Na4 Ne4 17. Rac1 Re6 18. Nc5 Nxc5 19. Rxc5 Rf6 20. Qc2 Qe6 21. h3
Qd6 22. Rc1 Nf8 23. b4 Nd7 24. Rc3 a6 25. Qe2 Re8 26. Qb2 Qe6 27. a4 Rg6 28. Kh2
Qd6+ 29. Kh1 Qe6 30. b5 axb5 31. axb5 Qe4 32. bxc6 bxc6 33. Rxc6 Rxc6 34. Rxc6
Rb8 35. Qc2 Qxc2 36. Rxc2 Nf6 {Game drawn by mutual agreement} 1/2-1/2

[Event "Team 45 45 League T39"]
[Site "Internet Chess Club"]
[Date "2008.11.08"]
[Round "3"]
[White "stputte"]
[Black "Millwright"]
[Result "1-0"]
[WhiteElo "1365"]
[BlackElo "1362"]
[Opening "Bird's opening"]
[ECO "A03"]
[Time "08:00:52"]
[TimeControl "2700+45"]

1. f4 d5 2. Nf3 Nf6 3. g3 g6 4. Bg2 Bg7 5. O-O O-O 6. d3 b6 7. c3 Bb7 8. Ne5
Nbd7 9. Qc2 c5 10. e4 Qc7 11. Nxd7 Qxd7 12. e5 Ng4 13. Qe2 Nh6 14. Na3 Rfd8 15.
Re1 Nf5 16. e6 fxe6 17. Qxe6+ Qxe6 18. Rxe6 Rd7 19. Bd2 d4 20. Bxb7 Rxb7 21.
Rae1 dxc3 22. Bxc3 Bxc3 23. bxc3 Kf7 24. Nc4 Rd8 25. g4 Nd6 26. Nxd6+ Rxd6 27.
R6e3 Rbd7 28. Rd1 Re6 29. Kf2 Rxe3 30. Kxe3 Kf6 31. Kf3 c4 32. d4 Rd5 33. a4 Ra5
34. Ra1 b5 35. Ke4 Rxa4 36. Rb1 a6 37. Kd5 Ra2 38. Kc5 Re2 39. Ra1 Re6 40. d5
Rd6 41. Kb4 e5 42. dxe6 Kxe6 43. Kc5 Kd7 44. Re1 Rd2 45. Ra1 Rd6 46. Ra2 h5 47.
gxh5 gxh5 48. Rg2 Rd1 49. Rg3 Ra1 50. Rh3 a5 51. Rxh5 a4 52. Rd5+ Ke6 53. Rd2 a3
54. Kxb5 a2 55. Kxc4 {Black resigns} 1-0

[Event "Team 45 45 League T39"]
[Site "Internet Chess Club"]
[Date "2008.11.09"]
[Round "3"]
[White "Riddari"]
[Black "JimGaming"]
[Result "0-1"]
[WhiteElo "1313"]
[BlackElo "1272"]
[Opening "Sicilian: Hungarian variation"]
[ECO "B34"]
[Time "13:59:11"]
[TimeControl "2700+45"]

1. e4 c5 2. Nf3 g6 3. d4 cxd4 4. Nxd4 Nc6 5. c3 Bg7 6. Bc4 Nf6 7. f3 O-O 8. O-O
Qb6 9. Kh1 Ne5 10. Bb3 Qc5 11. Re1 b5 12. Be3 Nc4 13. Bxc4 Qxc4 14. Nd2 Qa4 15.
Qe2 Ba6 16. N2b3 b4 17. Qd2 d6 18. cxb4 e5 19. Nc2 Rfd8 20. Na5 Qb5 21. a4 Qd3
22. Qf2 Rac8 23. Rac1 Nh5 24. Red1 Rxc2 25. Rxc2 Qxd1+ 26. Qg1 Qxc2 27. Bxa7 Rc8
28. b5 Qc1 29. Qxc1 Rxc1+ 30. Bg1 Bc8 31. b6 Bf6 32. b7 Bxb7 33. Nxb7 Be7 34. a5
Ra1 35. b4 Kf8 36. b5 Ke8 37. a6 Bd8 38. Nxd8 Kxd8 39. a7 Rxa7 40. Bxa7 Kc7 41.
b6+ Kb7 42. Kg1 Nf6 43. Kf2 Nd7 44. Ke3 Nxb6 45. Bxb6 Kxb6 46. Kd3 Kc5 47. g4 h6
48. h3 d5 49. h4 d4 50. g5 hxg5 51. hxg5 Kb4 52. Kc2 Kc4 53. Kd2 Kb3 54. Kd3 Kb2
55. f4 exf4 56. Kxd4 Kc2 57. e5 Kd2 58. Ke4 f3 59. Kxf3 Kd3 60. Kf4 Kd4 61. e6
fxe6 62. Kf3 Ke5 63. Kg4 Ke4 64. Kg3 e5 65. Kg4 Ke3 66. Kg3 e4 67. Kg2 Ke2 68.
Kg1 e3 69. Kg2 Ke1 70. Kf3 e2 71. Ke3 Kf1 {White resigns} 0-1

[Event "Team 45 45 League T39"]
[Site "Internet Chess Club"]
[Date "2008.11.09"]
[Round "3"]
[White "bjoernchess"]
[Black "Guinness"]
[Result "0-1"]
[WhiteElo "2307"]
[BlackElo "2277"]
[Opening "Queen's pawn game, Chigorin variation"]
[ECO "A40"]
[Time "10:31:15"]
[TimeControl "2700+45"]

1. d4 Nc6 2. Nf3 d5 3. c4 Bg4 4. Nc3 e6 5. Bf4 Bxf3 6. exf3 Bd6 7. Be3 dxc4 8.
Bxc4 Nge7 9. Bb5 O-O 10. a3 Re8 11. O-O a6 12. Ba4 b5 13. Bc2 b4 14. Ne4 bxa3
15. bxa3 Nb8 16. Qd3 f5 17. Ng5 Qd7 18. Qc4 Nd5 19. Ba4 c6 20. Rfc1 Qe7 21. f4
Bxa3 22. Rcb1 Bd6 23. g3 a5 24. Bd2 Qc7 25. Qb3 Bb4 26. Rb2 Na6 27. Re1 Qd6 28.
Qc4 Bxd2 29. Rxd2 Nab4 30. Rde2 Nb6 31. Qb3 Nxa4 32. Rxe6 Rxe6 33. Rxe6 Qd5 34.
Qxa4 h6 35. Re5 Qxd4 36. Qb3+ Kh8 37. Nf7+ Kh7 38. Qe6 g6 39. Ng5+ hxg5 40. Qf7+
Kh6 41. fxg5+ Kxg5 42. Qe7+ Kh6 43. Qh4+ Qxh4 {White resigns} 0-1

[Event "Team 45 45 League T39"]
[Site "Internet Chess Club"]
[Date "2008.11.09"]
[Round "3"]
[White "izit"]
[Black "killer21"]
[Result "0-1"]
[WhiteElo "2180"]
[BlackElo "2274"]
[Opening "Sicilian: Najdorf, Byrne (English) attack"]
[ECO "B90"]
[Time "08:01:06"]
[TimeControl "2700+45"]

1. e4 c5 2. Nf3 d6 3. d4 cxd4 4. Nxd4 Nf6 5. Nc3 a6 6. Be3 Ng4 7. Bg5 Nc6 8. h3
Qa5 9. Nf3 Nf6 10. Bd2 e6 11. Nd5 Qd8 12. Nxf6+ gxf6 13. Bc3 Rg8 14. Nd4 e5 15.
Ne2 f5 16. Ng3 f4 17. Ne2 Be6 18. Qd3 Qb6 19. g3 fxg3 20. fxg3 Bh6 21. Bg2 Nb4
22. Bxb4 Qxb4+ 23. Nc3 Bc4 24. Qf3 Qxb2 25. Rd1 Qxc2 26. Rxd6 Rg6 27. Rd1 Rf6
{White resigns} 0-1

[Event "Team 45 45 League T39"]
[Site "Internet Chess Club"]
[Date "2008.11.09"]
[Round "3"]
[White "andreip"]
[Black "onslaught"]
[Result "0-1"]
[WhiteElo "2037"]
[BlackElo "2173"]
[Opening "QGD semi-Slav: Meran, Wade variation"]
[ECO "D47"]
[Time "07:00:08"]
[TimeControl "2700+45"]

1. c4 Nf6 2. d4 c6 3. Nc3 d5 4. Nf3 e6 5. e3 Nbd7 6. Bd3 dxc4 7. Bxc4 b5 8. Bd3
Bb7 9. O-O a6 10. e4 c5 11. d5 Qc7 12. Bc2 c4 13. dxe6 fxe6 14. Nd4 Nc5 15. Qe2
Bd6 16. f4 e5 17. Nf5 O-O 18. Nxd6 Qxd6 19. fxe5 Qxe5 20. Bf4 Qe6 21. e5 Nd5 22.
Rf2 Nxf4 {White resigns} 0-1

[Event "Team 45 45 League T39"]
[Site "Internet Chess Club"]
[Date "2008.11.09"]
[Round "3"]
[White "jonesey"]
[Black "Terte"]
[Result "1-0"]
[WhiteElo "1984"]
[BlackElo "2051"]
[Opening "English: symmetrical, Botvinnik system"]
[ECO "B20"]
[Time "07:00:19"]
[TimeControl "2700+45"]

1. e4 c5 2. c4 Nc6 3. Nc3 g6 4. g3 Bg7 5. Bg2 d6 6. Nge2 e6 7. d3 Nge7 8. Be3
O-O 9. d4 Qb6 10. dxc5 dxc5 11. O-O Rd8 12. Qb3 Qxb3 13. axb3 Nd4 14. Ra5 b6 15.
e5 bxa5 16. Bxa8 Bxe5 17. Nc1 Bd7 18. Bg2 Bc6 19. Bxc6 Nexc6 20. Ne4 Bd6 21. Kg2
Nb4 22. Bg5 Bc7 23. Bxd8 Bxd8 24. Nxc5 Bf6 25. Nd7 Bg7 26. Rd1 e5 27. Nd3 Nxd3
28. Rxd3 e4 29. Rd1 Nxb3 30. c5 Nxc5 31. Nxc5 Bxb2 32. Rd7 {Black resigns} 1-0

[Event "Team 45 45 League T39"]
[Site "Internet Chess Club"]
[Date "2008.11.09"]
[Round "3"]
[White "Superjem"]
[Black "fllinc"]
[Result "0-1"]
[WhiteElo "2198"]
[BlackElo "2066"]
[Opening "English, 1...Nf6 (Anglo-Indian defense)"]
[ECO "A15"]
[Time "09:01:48"]
[TimeControl "2700+45"]

1. c4 Nf6 2. g3 c6 3. Bg2 d5 4. b3 g6 5. Bb2 Bg7 6. Nf3 O-O 7. O-O Bg4 8. d4
Nbd7 9. Nbd2 Qc7 10. h3 Bf5 11. Nh4 Be4 12. f3 Qxg3 13. fxe4 Qxh4 14. e5 Nh5 15.
Nf3 Qe4 16. Qd2 Nf4 17. Bh1 Nxh3+ 18. Kh2 Qg4 19. e3 Qh5 20. Kg3 Ng5 21. Bg2
Ne4+ {White resigns} 0-1

[Event "Team 45 45 League T39"]
[Site "Internet Chess Club"]
[Date "2008.11.12"]
[Round "3"]
[White "MRX"]
[Black "SuperPeon"]
[Result "0-1"]
[WhiteElo "1707"]
[BlackElo "2048"]
[Opening "Pirc defense"]
[ECO "B07"]
[Time "13:02:18"]
[TimeControl "2700+45"]

1. e4 d6 2. d4 Nf6 3. f3 Nc6 4. Be3 e5 5. d5 Ne7 6. c4 c6 7. Nc3 Ng6 8. Qd2 Be7
9. Bd3 h5 10. Nge2 h4 11. O-O-O c5 12. Kb1 Rb8 13. g3 a6 14. f4 Ng4 15. Bg1 hxg3
16. h3 g2 17. Rh2 Nxh2 18. Bxh2 Rxh3 19. Bg1 exf4 20. Nxf4 Bg5 21. Nce2 Nxf4 22.
Nxf4 Rxd3 23. Qxd3 Bxf4 24. Qf3 Qg5 25. Re1 Qg4 26. Qd3 Qh4 27. Rd1 Bg4 28. Rd2
Qe1+ {White resigns} 0-1

[Event "Team 45 45 League T39"]
[Site "Internet Chess Club"]
[Date "2008.11.05"]
[Round "3"]
[White "TerryMalloy"]
[Black "BenBoiss"]
[Result "0-1"]
[WhiteElo "1959"]
[BlackElo "1737"]
[Opening "Catalan: closed"]
[ECO "E01"]
[Time "21:35:01"]
[TimeControl "2700+45"]

1. d4 Nf6 2. c4 e6 3. g3 d5 4. Bg2 c5 5. Nf3 dxc4 6. Na3 cxd4 7. O-O Bxa3 8.
Qa4+ Nc6 9. Qxa3 e5 10. Qc5 Qb6 11. Qxc4 O-O 12. b3 Be6 13. Qc2 Nb4 14. Qb2 Rac8
15. a3 Nc2 16. Rb1 Qb5 17. Rd1 Qxe2 18. Rd2 Qe4 19. Kf1 Bg4 20. Re2 Qd3 21. Bg5
Ne4 22. h3 Bxf3 23. Bxf3 Qxf3 24. Rxc2 d3 {White resigns} 0-1